 Dungeon Crawl Stone Soup version 0.29-a0-362-g5854e031c7 (webtiles) character file.

Game seed: 4883157866710237234

242 sammy202020 the Skirmisher (level 5, 0/43 HPs)
             Began as a Demonspawn Berserker on Apr 30, 2022.
             Was a Believer of Trog.
             Succumbed to a killer bee's poison
             ... on level 4 of the Dungeon.
             The game lasted 00:05:06 (3032 turns).

sammy202020 the Skirmisher (Demonspawn Berserker)   Turns: 3032, Time: 00:05:07

Health: 0/43       AC: 10    Str: 26    XL:     5   Next: 82%
Magic:  5/5        EV: 11    Int: 10    God:    Trog [**....]
Gold:   131        SH:  0    Dex: 13    Spells: 4/4 levels left

rFire   + . .      SeeInvis .   o - +6 war axe of Darkness {protect, rElec Str+3}
rCold   . . .      Faith    .   (no shield)
rNeg    . . .      Spirit   .   i - +0 scale mail
rPois   .          Reflect  .   b - +2 hat
rElec   +          Harm     .   (no cloak)
rCorr   .          Rampage  .   (no gloves)
Will    .....                   (no boots)
Stlth   ..........              (no amulet)
HPRegen 0.14/turn               c - ring of protection from fire
MPRegen 0.18/turn               k - +6 ring of strength

@: lethally poisoned (0 -> -14)
A: slimy green scales 1, magic regeneration
a: Renounce Religion, Berserk, Trog's Hand


You were on level 4 of the Dungeon.
You worshipped Trog.
Trog was pleased with you.
You visited 1 branch of the dungeon, and saw 4 of its levels.

You collected 131 gold pieces.

Inventory:

Hand Weapons
 a - a +0 hand axe
 d - a +0 mace
 j - a +0 flail
 m - a +0 hunting sling
 o - the +6 war axe of Darkness (weapon) {protect, rElec Str+3}
   (You found it on level 3 of the Dungeon)

   It grants its wielder temporary protection when it strikes (+7 to AC).
   Str:       It affects your strength (+3).
   rElec:     It insulates you from electricity.
Armour
 b - a +2 hat (worn)
 i - a +0 scale mail (worn)
 q - a +1 helmet
Jewellery
 c - a ring of protection from fire (left hand)
 k - a +6 ring of strength (right hand)
Potions
 e - 2 potions of flight
 f - 2 potions of curing
 g - a potion of cancellation
 l - a potion of heal wounds {unknown}
 n - a potion of might {unknown}
 p - a potion of haste {unknown}


   Skills:
 * Level 4.4 Fighting
 * Level 4.1 Axes
 + Level 2.7 Armour
 + Level 2.7 Dodging


You had 4 spell levels left.
You didn't know any spells.
Your spell library was empty.

Dungeon Overview and Level Annotations

Branches:
Dungeon (4/15)
 Temple: D:4-7

Altars:
Makhleb
Beogh


Innate Abilities, Weirdness & Mutations

You are partially covered in slimy green scales. (AC +2)
You regenerate magic rapidly.


Message History

You miss the killer bee.
The killer bee stings you but does no damage.
The killer bee stings you. x2; The killer bee closely misses you.
The killer bee stings you. The killer bee misses you.
You miss the killer bee.
The killer bee is moderately wounded.
You hit the killer bee.
Your weapon exudes an aura of protection.
The killer bee barely misses you. The killer bee closely misses you.
The killer bee stings you but does no damage. x2
You barely miss the killer bee.
The killer bee is heavily wounded.
You miss the killer bee. The killer bee barely misses you.
The killer bee closely misses you. x2
The killer bee stings you but does no damage. x2
The killer bee misses you.
Unknown command.
You barely miss the killer bee.
The killer bee is heavily wounded.
You barely miss the killer bee.
The killer bee stings you but does no damage.
The killer bee stings you.
You are poisoned.
The killer bee poisons you!
The killer bee stings you but does no damage.
The killer bee stings you.
The killer bee stings you but does no damage. x2
You completely miss the killer bee.
The killer bee is heavily wounded.
You miss the killer bee.
You feel very sick. The killer bee stings you!
* * * LOW HITPOINT WARNING * * *
The killer bee stings you but does no damage.
The killer bee barely misses you. The killer bee stings you!
* * * LOW HITPOINT WARNING * * *
You are more poisoned.
The killer bee poisons you!
You fail to use your ability.
You die...

#. #.......... ..##...
.......... .......
.......... #......
#.........
....#..###....[.....
.....................
......$...y..##.....
^.###.....†@y..........
.......................
.#..............[......
##....#†).)...........
#...#................
.....#...#..........#
.#........#.........#
##.......#.[..<....#
##..######...?....#


You could see 2 killer bees.

Vanquished Creatures
  A killer bee (D:4)
  A hound (D:4)
  A jelly (D:3)
  An orc priest (D:3)
  An iguana (D:4)
  3 adders
  A worm (D:3)
  A dart slug (D:1)
  2 orcs (D:3)
  2 bats (D:3)
  7 endoplasms
  4 giant cockroaches
  A goblin (D:2)
  6 hobgoblins
  4 jackals (D:3)
  3 quokkas
  4 ball pythons
  3 kobolds
  7 rats
53 creatures vanquished.

Notes
Turn   | Place    | Note
-------+----------+-------------------------------------------
     0 | D:1      | sammy202020 the Demonspawn Berserker began the quest for
                  | the Orb.
     0 | D:1      | Reached XP level 1. HP: 18/18 MP: 1/1
   586 | D:1      | Gained mutation: You regenerate magic rapidly. [demonic
                  | ancestry]
   586 | D:1      | Reached XP level 2. HP: 24/24 MP: 2/2
   735 | D:1      | Found a faded altar of an unknown god.
  1224 | D:2      | Gained mutation: You are partially covered in slimy green
                  | scales. (AC +2) [demonic ancestry]
  1224 | D:2      | Reached XP level 3. HP: 7/29 MP: 3/3
  1591 | D:2      | Found a burning altar of Makhleb.
  2049 | D:3      | Reached XP level 4. HP: 25/37 MP: 4/4
  2363 | D:3      | Identified the +0 leather armour of Lies {rPois Str+5}
  2535 | D:3      | Reached ** piety under Trog
  2843 | D:3      | Identified the +6 war axe of Darkness {protect, rElec
                  | Str+3}
  2971 | D:4      | Reached XP level 5. HP: 41/42 MP: 5/5
  3032 | D:4      | Succumbed to a killer bee's poison

Illustrated notes

Levels and vault maps discovered:
D:1:      lightli_arrival_statue_moat, layout_loops_ring,
          hellmonk_ecumenical_altar_defaced_shrine
D:2:      layout_basic, basic_altar, minmay_misc_feat_hallway, st_stairs_8
D:3:      layout_basic, serial_glass, glass_columns_b, glass_columns_a,
          minivault_19, kennysheep_generic_room_10
D:4:      layout_cave_pools, gammafunk_temple_overflow_pools,
          minmay_temple_entry_statues_pillars

Skill      XL: |  1  2  3  4  5 |
---------------+----------------+-----
Axes           | 3 4 |  4.1
Armour         | 2 |  2.7
Dodging        | 2 |  2.7
Fighting       | 4 |  4.4

Action                   |  1- 3 |  4- 6 || total
-------------------------+-------+-------++-------
Melee: Hand axe          |    79 |    59 ||   138
       War axe           |       |    30 ||    30
       Punch             |       |     2 ||     2
Invok: Berserk           |     1 |     1 ||     2
  Use: Scroll            |     7 |     2 ||     9
 Stab: Sleeping          |     3 |       ||     3
Armor: Animal skin       |     8 |       ||     8
       Scale mail        |    15 |    70 ||    85
Dodge: Dodged            |    51 |    64 ||   115

Table legend: (Time is in decaauts)
 A = Elapsed time spent in this place.
 B = Non-inter-level travel time spent in this place.
 C = Inter-level travel time spent in this place.
 D = Time resting spent in this place.
 E = Time spent auto-exploring this place.
 F = Levels seen in this place.
 G = Mean time per level.
                   A        B        C        D        E       F      G
               +--------+--------+--------+--------+--------+-----+--------+
         Total |   3070 |   2928 |    142 |    277 |   2149 |   4 |  767.5 |
       Dungeon |   3070 |   2928 |    142 |    277 |   2149 |   4 |  767.5 |
               +--------+--------+--------+--------+--------+-----+--------+

Top non-repeatable levels by time:
     D:3: 1126 daAuts
     D:1: 1034 daAuts
     D:2: 832 daAuts
     D:4: 76 daAuts
